 Dungeon Crawl Stone Soup version 0.28.0-53-g5a82cb258f (webtiles) character file.

Game seed: 15910716142806409935

1647 Sin92 the Skirmisher (level 8, -5/75 (96) HPs)
             Began as a Demonspawn Fighter on June 7, 2022.
             Was an Initiate of Okawaru.
             Slain by a wight
             ... wielding a +3 great sword
              (6 damage)
             ... on level 5 of the Dungeon.
             The game lasted 00:07:59 (6245 turns).

Sin92 the Skirmisher (Demonspawn Fighter)           Turns: 6245, Time: 00:08:00

HP:   -5/75 (96)    AC: 24    Str: 16    XL:     8   Next: 67%
MP:   0/8           EV:  2    Int: 10    God:    Okawaru [......]
Gold: 171           SH:  5    Dex: 15    Spells: 7/7 levels left

rFire   + . .      SeeInvis +   g - +0 mace (venom)
rCold   + . .      Faith    .   c - +0 buckler
rNeg    . . .      Spirit   +   (armour currently unavailable)
rPois   +          Reflect  .   (helmet currently unavailable)
rElec   +          Harm     .   (cloak currently unavailable)
rCorr   +          Rampage  .   (gloves currently unavailable)
Will    .....      NoTele   +   (boots currently unavailable)
Stlth   +.........              n - amulet of guardian spirit
HPRegen 0.22/turn               j - ring of see invisible
MPRegen 0.11/turn               (no ring)

@: tree-form, resistant, heavily drained
A: stationary, stasis, torment immunity, boosted hp, (hooves 2), (demonic
guardian 2), (sanguine armour 1)
a: Renounce Religion


You were on level 5 of the Dungeon.
You worshipped Okawaru.
Okawaru was noncommittal.
You were a tree.
You visited 2 branches of the dungeon, and saw 8 of its levels.

You collected 171 gold pieces.

Inventory:

Hand Weapons
 a - a +0 flail
 g - a +0 mace of venom (weapon)
Armour
 b - a +0 scale mail (melded)
 c - a +0 buckler (worn)
 f - a +1 cloak (melded)
 k - a +0 helmet (melded)
Jewellery
 e - a ring of magical power
 j - a ring of see invisible (left branch)
 n - an amulet of guardian spirit (around neck)
 o - an amulet of magic regeneration
Scrolls
 h - 2 scrolls of teleportation
 i - a scroll of fog {unknown}
 l - a scroll of enchant armour {unknown}
 m - 2 scrolls of identify
Potions
 d - a potion of resistance


   Skills:
 + Level 5.7 Fighting
 + Level 4.8 Maces & Flails
 + Level 5.2 Armour
 + Level 4.2 Dodging
 + Level 5.2 Shields


You had 7 spell levels left.
You didn't know any spells.
Your spell library contained the following spells:

 Spells                   Type           Power      Damage    Failure   Level
 Pain                     Necr           0%         1d4       43%         1
 Hailstorm                Conj/Ice       0%         3d3       99%         4
 Ice Form                 Ice/Tmut       0%         N/A       99%         4
 Agony                    Necr           0%         N/A       100%        5
 Excruciating Wounds      Necr           0%         N/A       100%        5
 Simulacrum               Ice/Necr       Unusable   N/A       N/A         6

Dungeon Overview and Level Annotations

Branches:
Dungeon (7/15)             Temple (1/1) D:4

Altars:
Elyvilon
Fedhas
Gozag
Okawaru
Trog
Uskayaw
Wu Jian
Zin


Innate Abilities, Weirdness & Mutations

You are a tree.
Your roots penetrate the ground, keeping you stationary.
You cannot be teleported.
You are immune to unholy pain and torment.
Your maximum health is greatly increased.
Your equipment is partially melded.
((You have hoof-like feet.))
((A demonic guardian rushes to your aid.))
((When seriously injured, your blood forms armour. (AC +0)))


Message History

The wight is moderately damaged.
The wight hits you with a +3 great sword!
* * * LOW HITPOINT WARNING * * *
You barely miss the wight.
The wight is moderately damaged.
The wight barely misses you.
You closely miss the wight. You kick the wight, but do no damage.
The wight is moderately damaged.
You block the wight's attack.
You hit the wight. You kick the wight, but do no damage.
The wight is heavily damaged.
The wight barely misses you.
Unknown command.
It was a potion of resistance.
You feel protected. The wight barely misses you.
You barely miss the wight.
The wight is heavily damaged.
The wight hits you with a +3 great sword.
* * * LOW HITPOINT WARNING * * *
You feel drained.
You completely miss the wight.
The wight is heavily damaged.
The wight closely misses you.
The wight hits you with a +3 great sword!
* * * LOW HITPOINT WARNING * * *
You feel drained.
* * * LOW HITPOINT WARNING * * *
It was a potion of lignification.
You turn into a tree.
Your +1 cloak melds into your body.
Your +0 helmet melds into your body.
Your +0 scale mail melds into your body.
Your roots penetrate the ground.
Your blood armour dries and flakes away.
The wight hits you with a +3 great sword.
* * * LOW HITPOINT WARNING * * *
You feel drained.
You hit the wight but do no damage.
The wight is heavily damaged.
The wight hits you with a +3 great sword!
You die...

#.#####.# #.#
#.# #.# #)#
#.# #)#
#####.#####.#
#...........#
#.###....####
#.# ####.#
#.# #♣# #.#
#z##### #.#
#.#..<# #.#
#.#.### # #.#
#.#.## # #.#
#.#..# # #.#
#.##.##
#########.#
#.....#
..[..))..>#
#######


You could see a wight.

Vanquished Creatures
  A two-headed ogre (D:7)
  A black bear (D:6)
  A sky beast (D:5)
  A necrophage (D:5)
  2 kobold brigands
  A scorpion (D:5)
  A water moccasin skeleton (D:5)
  2 wights (D:6)
  A jelly (D:5)
  A centaur zombie (D:5)
  An iguana (D:5)
  5 orc wizards
  A mummy (D:5)
  Robin (D:2)
  A gnoll (D:4)
  3 adders (D:2)
  A shadow imp (D:6)
  13 orcs
  2 ball pythons
  2 bats (D:2)
  7 endoplasms
  3 giant cockroaches
  9 goblins
  7 hobgoblins
  8 jackals
  3 quokkas
  6 frilled lizards
  9 kobolds
  5 rats
99 creatures vanquished.

Vanquished Creatures (collateral kills)
  Crazy Yiuf (D:3)
  A bullfrog skeleton (D:4)
  An iguana (D:3)
3 creatures vanquished.

Vanquished Creatures (others)
  A fungus (D:4)
1 creature vanquished.

Grand Total: 103 creatures vanquished

Notes
Turn   | Place    | Note
-------+----------+-------------------------------------------
     0 | D:1      | Sin92 the Demonspawn Fighter began the quest for the Orb.
     0 | D:1      | Reached XP level 1. HP: 18/18 MP: 1/1
   502 | D:1      | Gained mutation: You have large cloven feet. [demonic
                  | ancestry]
   502 | D:1      | Reached XP level 2. HP: 21/24 MP: 2/2
   734 | D:1      | Found a faded altar of an unknown god.
  1386 | D:2      | Gained mutation: A weak demonic guardian rushes to your
                  | aid. [demonic ancestry]
  1386 | D:2      | Reached XP level 3. HP: 17/29 MP: 3/3
  1556 | D:2      | Reached skill level 1 in Dodging
  2055 | D:2      | Gained mutation: When seriously injured, your blood forms
                  | armour. (AC +0) [demonic ancestry]
  2055 | D:2      | Reached XP level 4. HP: 35/35 MP: 4/4
  2087 | D:2      | Noticed Robin
  2093 | D:2      | Killed Robin
  2378 | D:3      | Found a bloodstained altar of Trog.
  2468 | D:3      | Found a runed translucent door.
  2469 | D:3      | Noticed Crazy Yiuf
  3535 | D:3      | Killed Crazy Yiuf
  3536 | D:3      | Gained mutation: You have hoof-like feet. [demonic
                  | ancestry]
  3536 | D:3      | Reached XP level 5. HP: 4/42 MP: 0/5
  3863 | D:4      | You fall into a shaft and drop 3 floors!
  3935 | D:7      | Noticed a two-headed ogre
  3946 | D:7      | Killed a two-headed ogre
  3947 | D:7      | Gained mutation: A demonic guardian rushes to your aid.
                  | [demonic ancestry]
  3947 | D:7      | Reached XP level 6. HP: 29/49 MP: 3/6
  3947 | D:7      | Reached XP level 7. HP: 33/55 MP: 3/7
  4265 | D:5      | Entered Level 5 of the Dungeon
  4337 | D:5      | Reached skill level 5 in Fighting
  4365 | D:5      | Reached XP level 8. HP: 27/62 MP: 8/8
  4575 | D:4      | Found a staircase to the Ecumenical Temple.
  4910 | Temple   | Entered the Ecumenical Temple
  4924 | Temple   | Became a worshipper of Warmaster Okawaru
  5446 | D:5      | Reached skill level 5 in Armour
  5636 | D:5      | Reached skill level 5 in Shields
  6243 | D:5      | HP: 1/51 [wight/+3 great sword (2)]
  6245 | D:5      | Slain by a wight

Illustrated notes

Levels and vault maps discovered:
D:1:      roderic_octagonal_star, layout_basic, ebering_ecumenical_altar_ruins,
          chequers_arboretum
D:2:      layout_loops_ring, uniq_robin
D:3:      layout_basic, lemuel_crystal_altar, uniq_crazy_yiuf_cottage
D:4:      lemuel_castle_with_subvaults [lemuel_castle_interior_carwin_1],
          layout_basic, temple_pool_b, serial_shops,
          nicolae_shop_bloodbath_and_beyond
D:5:      layout_basic, gup_ossuary_entry_pyramid
D:6:      layout_loops_cross, portal_sewer_entry_c
D:7:      layout_loops_corners
Temple:   compressed_dpeg_circular_temple

Skill      XL: |  1  2  3  4  5  6  7  8 |
---------------+-------------------------+-----
Maces & Flails | 2 3 4 |  4.8
Armour         | 3 4 5 |  5.2
Shields        | 3 4 5 |  5.2
Dodging        | 1 3 4 |  4.2
Fighting       | 4 5 |  5.7

Action                   |  1- 3 |  4- 6 |  7- 9 || total
-------------------------+-------+-------+-------++-------
Melee: Flail             |    40 |       |       ||    40
       Mace              |    95 |    73 |   144 ||   312
       Kick              |    15 |    21 |    55 ||    91
  Use: Scroll            |     2 |     2 |     2 ||     6
       Potion            |       |     3 |     2 ||     5
Armor: Scale mail        |    74 |    33 |    76 ||   183
Dodge: Dodged            |    75 |    37 |    86 ||   198
Block: Buckler           |    46 |    15 |    26 ||    87
